 Dungeon Crawl Stone Soup version 0.22-a0-553-g9358b0b (webtiles) character file.

97 inc the Conjurer (level 4, -4/27 HPs)
             Began as an Octopode Fire Elementalist on June 25, 2018.
             Killed from afar by Ijyb (8 damage)
             ... with a wand of flame (23)
             ... on level 3 of the Dungeon.
             The game lasted 00:03:00 (2548 turns).

inc the Conjurer (Octopode Fire Elementalist)       Turns: 2548, Time: 00:03:00

Health: -4/27      AC:  1    Str:  7    XL:     4   Next: 68%
Magic:  1/7        EV: 13    Int: 18    God:
Gold:   166        SH:  0    Dex: 12    Spells: 6/7 levels left

rFire    . . .     SeeInvis .   (no weapon)
rCold    . . .     Gourm    .   (no shield)
rNeg     . . .     Faith    .   (helmet restricted)
rPois    .         Spirit   .   (no amulet)
rElec    .         Reflect  .   (no ring)
rCorr    .         Harm     .   (no ring)
MR       .....                  (no ring)
Stlth    +++.......             (no ring)
HPRegen  0.09/turn              (no ring)
MPRegen  0.10/turn              (no ring)
                                (no ring)
                                (no ring)

@: no status effects
A: almost no armour, stealthy swim, amphibious, 8 rings, constrict 8, camouflage
1, gelatinous body 1
a: no special abilities


You were on level 3 of the Dungeon.
You were very hungry.

You visited 1 branch of the dungeon, and saw 3 of its levels.

You collected 166 gold pieces.

Inventory:

Jewellery
 c - an uncursed ring of fire {unknown}
Scrolls
 a - a scroll of immolation {unknown}
 d - 2 scrolls of blinking {unknown}
 e - 4 scrolls of identify {unknown}
 f - 2 scrolls of magic mapping {unknown}
 g - a scroll of amnesia {unknown}
 i - a scroll of random uselessness {unknown}
 j - a scroll of fog {unknown}
 l - a scroll of fear {unknown}
 m - 2 scrolls of enchant weapon {unknown}
Potions
 h - 2 potions of cancellation {unknown}
 k - a potion of curing {unknown}
Comestibles
 b - 3 rations


   Skills:
 - Level 2.0 Dodging
 - Level 2.6 Stealth
 - Level 2.0 Spellcasting
 + Level 4.3 Conjurations
 - Level 3.0 Fire Magic


You had 6 spell levels left.
You knew the following spells:

 Your Spells              Type           Power        Failure   Level  Hunger
a - Flame Tongue          Conj/Fire      ###..        4%          1    #......

Your spell library contained the following spells:

 Spells                   Type           Power        Failure   Level  Hunger
 Fireball                 Conj/Fire      ###.......   73%         5    ######.
 Conjure Flame            Conj/Fire      ###.....     12%         3    ###....
 Throw Flame              Conj/Fire      ###...       6%          2    ###....
 Sticky Flame             Conj/Fire      ###.....     36%         4    #####..
 Inner Flame              Hex/Fire       #.......     28%         3    ###....


Dungeon Overview and Level Annotations

Branches:
Dungeon (3/15)

Altars:
Kikubaaqudgha
Makhleb
Nemelex Xobeh

Annotations:
D:3 Ijyb


Innate Abilities, Weirdness & Mutations

You cannot wear most types of armour.
You are very stealthy in the water. (Stealth+)
You are amphibious.
You can wear up to eight rings at the same time.
You can use your tentacles to constrict eight enemies at once.
Your skin changes colour to match your surroundings (Stealth+).
Your rubbery body absorbs attacks. (AC +1, EV +1)


Message History

Aim: Ijyb, wielding a dagger, wearing a leather armour and carrying a wand of flame (23) (moderately wounded)
The flame tongue hits Ijyb.
Ijyb is severely wounded.
Ijyb completely misses you.
Casting: Flame Tongue (safe; 4% risk of failure)
Confirm with . or Enter, or press ? or * to list all spells.
Aiming: Flame Tongue (safe; 4% risk of failure)
Press: ? - help, Shift-Dir - straight line, f/p - Ijyb
Aim: Ijyb, wielding a dagger, wearing a leather armour and carrying a wand of flame (23) (severely wounded)
The flame tongue misses Ijyb.
The goblin hits you but does no damage. Ijyb hits you but does no damage.
Casting: Flame Tongue (safe; 4% risk of failure)
Confirm with . or Enter, or press ? or * to list all spells.
Aiming: Flame Tongue (safe; 4% risk of failure)
Press: ? - help, Shift-Dir - straight line, f/p - Ijyb
Aim: Ijyb, wielding a dagger, wearing a leather armour and carrying a wand of flame (23) (severely wounded)
The flame tongue hits Ijyb.
Ijyb is almost dead.
Ijyb zaps a wand.
The puff of flame hits you!
You die...

###...........#
#...###.###..#
#############.# #..#
#.8.8.8.8..##.###..#
#..................#
#?......)..#######.#
#........[.# #.#
#[.........#######.#
#...........).g@g..#
#.8.8.8.8..#########
#########..# ....#
...#.# #...b..
#........ #...$..###


You could see Ijyb and a goblin.

Vanquished Creatures
  A hound (D:2)
  An adder (D:2)
  A worm (D:3)
  3 dart slugs
  A leopard gecko (D:3)
  An orc (D:3)
  4 giant cockroaches
  6 goblins (D:3)
  4 hobgoblins
  3 jackals (D:2)
  5 kobolds
  A quokka (D:2)
  A ball python (D:2)
  6 bats
  3 frilled lizards
  7 rats
48 creatures vanquished.

Notes
Turn   | Place    | Note
-------+----------+-------------------------------------------
     0 | D:1      | inc the Octopode Fire Elementalist began the quest for the Orb.
     0 | D:1      | Reached XP level 1. HP: 11/11 MP: 3/3
   292 | D:1      | Reached skill level 2 in Conjurations
   292 | D:1      | Reached XP level 2. HP: 17/17 MP: 3/5
  1051 | D:2      | Reached XP level 3. HP: 14/21 MP: 6/6
  1237 | D:2      | Reached skill level 3 in Conjurations
  1246 | D:2      | Found a burning altar of Makhleb.
  1258 | D:2      | Reached XP level 4. HP: 9/27 MP: 1/7
  1556 | D:2      | Found an ancient bone altar of Kikubaaqudgha.
  1580 | D:2      | Reached skill level 4 in Conjurations
  2219 | D:3      | Found a sparkling altar of Nemelex Xobeh.
  2357 | D:3      | Noticed Ijyb
  2548 | D:3      | Killed from afar by Ijyb

Vault maps used:
D:1:      dpeg_arrival_another_circle, minmay_tromino_v2
D:2:      makhleb_blood_cavern_becter, old_standard_altar
D:3:      kennysheep_the_goblin_king, lemuel_crystal_altar, serial_bayou_pond_b,
          uniq_crazy_yiuf_cottage

Skill      XL: |  1  2  3  4 |
---------------+-------------+-----
Conjurations   | 2 3 4 |  4.3
Dodging        | |  2.0
Stealth        | |  2.6
Spellcasting   | |  2.0
Fire Magic     | |  3.0

Action                   |  1- 3 |  4- 6 || total
-------------------------+-------+-------++-------
Melee: Unarmed           |    33 |     5 ||    38
       Constrict         |     8 |       ||     8
       Tentacles         |     7 |       ||     7
 Cast: Flame Tongue      |    29 |    50 ||    79
 Stab: Distracted        |     1 |       ||     1
       Sleeping          |     2 |       ||     2
  Eat: Chunk             |     1 |     4 ||     5
Armor: Skin              |     7 |     1 ||     8
Dodge: Dodged            |    36 |    14 ||    50

Table legend:
 A = Spawn XP
 B = Non-spawn XP
 C = Spawn XP percentage of total XP
 D = Spawn monster count
 E = Non-spawn monster count
 F = Spawn count percentage of total count
 G = Total turns spent on level
                    A         B        C        D         E        F      G
               +---------+---------+-------+---------+---------+-------+---------
         Total |       0 |     139 |   0.0 |       0 |      48 |   0.0 |  2548
               +---------+---------+-------+---------+---------+-------+---------
           D:1 |       0 |      23 |   0.0 |       0 |      13 |   0.0 |   910
           D:2 |       0 |      83 |   0.0 |       0 |      20 |   0.0 |  1227
           D:3 |       0 |      33 |   0.0 |       0 |      15 |   0.0 |   411
               +---------+---------+-------+---------+---------+-------+---------
